 Dungeon Crawl Stone Soup version 0.30-a0-476-g330ca2eb8e (webtiles) character file.

Game seed: 14846904920282899859

363 Mitcholas the Basher (level 6, -2/51 HPs)
             Began as a Minotaur Fighter on Dec 21, 2022.
             Slain by Grinder (5 damage)
             ... while paralysed by Grinder
             ... on level 3 of the Dungeon.
             The game lasted 00:08:59 (2014 turns).

Mitcholas the Basher (Minotaur Fighter)             Turns: 2014, Time: 00:08:59

Health: -2/51      AC:  8    Str: 22    XL:     6   Next: 39%
Magic:  5/5        EV:  2    Int: 11    God:
Gold:   111        SH:  0    Dex: 10    Spells: 5/5 levels left

rFire   . . .      SeeInvis .    a - +0 flail
rCold   . . .      Faith    .    c - +0 buckler
rNeg    . . .      Spirit   .    b - +0 scale mail
rPois   .          Reflect  .    (helmet restricted)
rElec   .          Harm     .    (no cloak)
rCorr   .          Rampage  .    (no gloves)
Will    .....                    k - +0 pair of boots
Stlth   ..........               r - amulet of magic regeneration
HPRegen 0.28/turn                i - +6 ring of intelligence
MPRegen 0.49/turn                q - +4 ring of slaying

@: paralysed
A: horns 2, retaliatory headbutt
a: no special abilities


You were on level 3 of the Dungeon.
You visited 1 branch of the dungeon, and saw 3 of its levels.

You collected 111 gold pieces.

Inventory:

Hand Weapons
 a - a +0 flail (weapon)
Armour
 b - a +0 scale mail (worn)
 c - a +0 buckler (worn)
 k - a +0 pair of boots (worn)
Jewellery
 i - a +6 ring of intelligence (left hand)
 q - a +4 ring of slaying (right hand)
 r - an amulet of magic regeneration (around neck)
Scrolls
 h - a scroll of fog {unknown}
 j - 4 scrolls of identify {unknown}
 l - a scroll of poison {unknown}
 n - a scroll of magic mapping {unknown}
 o - 2 scrolls of vulnerability {unknown}
 p - a scroll of teleportation {unknown}
 t - a scroll of enchant weapon {unknown}
Potions
 d - a potion of might
 e - a potion of flight {unknown}
 f - a potion of heal wounds {unknown}
 g - 2 potions of lignification {unknown}
 m - 2 potions of curing {unknown}
 s - a potion of brilliance {unknown}


   Skills:
 - Level 3.6 Fighting
 + Level 8.3 Maces & Flails
 - Level 3.6 Armour
 - Level 3.6 Shields


You had 5 spell levels left.
You didn't know any spells.
Your spell library contained the following spells:

 Spells                   Type           Power      Damage    Failure   Level
 Cigotuvi's Dreadful Rot  Necr/Pois/Air  0%         N/A       88%         2
 Poisonous Vapours        Pois/Air       0%         N/A       88%         2
 Mephitic Cloud           Conj/Pois/Air  0%         N/A       98%         3
 Vhi's Electric Charge    Tloc/Air       0%         N/A       98%         3
 Arcjolt                  Conj/Air       0%         1d10      100%        5
 Maxwell's Capacitive Co  Air            0%         ∞         100%        8


Dungeon Overview and Level Annotations

Branches:
Dungeon (3/15)

Altars:

Annotations:
D:3 Grinder


Innate Abilities, Weirdness & Mutations

You have a pair of horns on your head.
You reflexively headbutt those who attack you in melee.


Message History

You can't see that place.
Sorry, you're not good enough to have a special ability.
You barely miss Grinder. Grinder gestures at you.
You suddenly lose the ability to move!
Grinder barely misses you.
You can move again.
You barely miss Grinder. Grinder hits you!
You writhe in agony.
Grinder hits you.
You writhe in agony.
You closely miss Grinder. Your headbutt misses Grinder.
Grinder says, "I used to sell toenails on the black market."
Grinder hits you.
You closely miss Grinder. Your headbutt misses Grinder. Grinder hits you.
You writhe in agony.
You hit Grinder.
Grinder is lightly wounded.
Grinder hits you but does no damage.
You sock Grinder! Your headbutt misses Grinder.
Grinder is moderately wounded.
Grinder gestures at you. Pain shoots through your body!
* * * LOW HITPOINT WARNING * * *
You bludgeon Grinder!! Your headbutt misses Grinder.
Grinder is severely wounded.
Grinder closely misses you.
You sock Grinder!
Grinder is almost dead.
Grinder barely misses you.
You barely miss Grinder. Your headbutt misses Grinder.
Grinder is almost dead.
Grinder hits you but does no damage.
You barely miss Grinder. Your headbutt misses Grinder.
Grinder is almost dead.
Grinder gestures at you.
You suddenly lose the ability to move!
Grinder gestures at you. Pain shoots through your body!
* * * LOW HITPOINT WARNING * * *
Grinder hits you.
You die...

### #. ..# ### ## #. #.#
#.. .. #. #####.###.##.#
#. #...#.#......# #.
#...#.#.#.#..# #.
#...#.#.#.#..#
######.###...#.#.#....###
#......5@....'...........
#....#.###...###.#..#####
+!. #. #...# #.#..###.. #
#. ##### #.#....... #5 #
#.#....... ..
....#.#.#####. #.
#......)..#. #.
###.##.##.#.
####.##.##.#.


You could see Grinder.

Vanquished Creatures
  Sigmund (D:3)
  Jessica (D:2)
  2 orc wizards (D:3)
  Robin (D:2)
  A gnoll (D:1)
  An adder (D:3)
  3 worms
  2 dart slugs (D:2)
  4 orcs
  7 endoplasms
  2 giant cockroaches
  20 goblins
  5 hobgoblins
  4 jackals (D:2)
  7 kobolds
  2 quokkas (D:1)
  5 ball pythons
  5 bats
  4 frilled lizards
  4 rats
81 creatures vanquished.

Notes
Turn   | Place    | Note
-------+----------+-------------------------------------------
     0 | D:1      | Mitcholas the Minotaur Fighter began the quest for the Orb.
     0 | D:1      | Reached XP level 1. HP: 19/19 MP: 0/0
    24 | D:1      | Reached skill level 3 in Maces & Flails
    24 | D:1      | Reached XP level 2. HP: 13/26 MP: 1/1
   162 | D:1      | Reached skill level 4 in Maces & Flails
   315 | D:1      | Reached XP level 3. HP: 31/31 MP: 2/2
   868 | D:2      | Noticed Robin
   875 | D:2      | Killed Robin
   878 | D:2      | Reached skill level 5 in Maces & Flails
   904 | D:2      | Reached XP level 4. HP: 11/39 MP: 3/3
  1129 | D:2      | Noticed Jessica
  1132 | D:2      | Killed Jessica
  1446 | D:2      | Reached skill level 6 in Maces & Flails
  1708 | D:3      | Noticed Sigmund
  1718 | D:3      | Killed Sigmund
  1719 | D:3      | Reached skill level 7 in Maces & Flails
  1719 | D:3      | Reached XP level 5. HP: 38/45 MP: 4/4
  1719 | D:3      | Reached XP level 6. HP: 43/51 MP: 5/5
  1926 | D:3      | Reached skill level 8 in Maces & Flails
  1997 | D:3      | Noticed Grinder
  2002 | D:3      | Paralysed by Grinder for 2 turns
  2012 | D:3      | Paralysed by Grinder for 5 turns
  2014 | D:3      | Slain by Grinder

Illustrated notes

Levels and vault maps discovered:
D:1:      eino_arrival_cavern_e, layout_loops_ring, patterned_corridor
D:2:      layout_loops_ring, uniq_jessica, uniq_robin
D:3:      layout_basic, uniq_sigmund, uniq_grinder

Skill      XL: |  1  2  3  4  5  6 |
---------------+-------------------+-----
Maces & Flails | 3 4 5 7 8 |  8.3
Fighting       | |  3.6
Armour         | |  3.6
Shields        | |  3.6

Action                   |  1- 3 |  4- 6 || total
-------------------------+-------+-------++-------
Melee: Flail             |    95 |    97 ||   192
       Headbutt          |     9 |     9 ||    18
Armor: Scale mail        |    60 |    25 ||    85
Dodge: Dodged            |    56 |    23 ||    79
Block: Buckler           |    21 |    17 ||    38

Table legend: (Time is in decaauts)
 A = Elapsed time spent in this place.
 B = Non-inter-level travel time spent in this place.
 C = Inter-level travel time spent in this place.
 D = Time resting spent in this place.
 E = Time spent auto-exploring this place.
 F = Levels seen in this place.
 G = Mean time per level.
                   A        B        C        D        E       F      G
               +--------+--------+--------+--------+--------+-----+--------+
         Total |   2045 |   1952 |     93 |    232 |   1233 |   3 |  681.7 |
       Dungeon |   2045 |   1952 |     93 |    232 |   1233 |   3 |  681.7 |
               +--------+--------+--------+--------+--------+-----+--------+

Top non-repeatable levels by time:
     D:1: 869 daAuts
     D:2: 799 daAuts
     D:3: 376 daAuts
